TOP OF THE 1ST |
Bishop Verot HS batting - Pitching for Madawaska Valley HS Wolves : RHP Ricardo Duárez
|
Pitching: RHP Ricardo Duárez
|
|
Batting: LHB Jim Hall
|
0-0: Called Strike 0-1: Ball 1-1: Swinging Strike 1-2: Ball 2-2: Ball 3-2: SINGLE (Groundball, 34)
|
Batting: RHB Chris Seals
|
0-0: Ball 1-0: Ground out 5-3 (Groundball, 56S) Jim Hall to second
|
Batting: RHB Brian Bailey
|
0-0: Called Strike 0-1: Ball Jim Hall is caught stealing 3rd base 1-1: SINGLE (Flyball, 7S)
|
Batting: RHB Bob Fitzgerald
|
0-0: Ball 1-0: Ball 2-0: SINGLE (Line Drive, 4D) Brian Bailey to second
|
Batting: LHB Pedro Padilla
|
0-0: Foul Ball, location: 2F 0-1: Fly out, F9 (Flyball, 9M)
|
Top of the 1st over - 0 run(s), 3 hit(s), 0 error(s), 2 left on base; Bishop Verot HS 0 - Madawaska Valley HS 0 |
BOTTOM OF THE 1ST |
Madawaska Valley HS Wolves batting - Pitching for Bishop Verot HS : RHP Chris Hamilton
|
Pitching: RHP Chris Hamilton
|
|
Batting: LHB Bob Campbell
|
0-0: Foul Ball, location: 2F 0-1: Ball 1-1: Called Strike 1-2: Foul Ball, location: 2F 1-2: Ball 2-2: Ball 3-2: Foul Ball, location: 2F 3-2: Base on Balls
|
Batting: RHB Adam Carpenter
|
0-0: Ball 1-0: Ball 2-0: Ball 3-0: Called Strike 3-1: Called Strike 3-2: Foul Ball, location: 2F 3-2: Base on Balls Bob Campbell to second
|
Batting: SHB Artie Adams
|
0-0: Ball 1-0: Called Strike 1-1: Called Strike 1-2: Fly out, F7 (Flyball, 7M)
|
Batting: SHB Steve Miner
|
0-0: Foul Ball, location: 2F 0-1: Foul Ball, location: 2F 0-2: Ball 1-2: Foul Ball, location: 2F 1-2: Strikes out swinging
|
Batting: LHB Marv Gardner
|
0-0: Fly out, F8 (Flyball, 8RM)
|
Bottom of the 1st over - 0 run(s), 0 hit(s), 0 error(s), 2 left on base; Bishop Verot HS 0 - Madawaska Valley HS 0 |
TOP OF THE 2ND |
Bishop Verot HS batting - Pitching for Madawaska Valley HS Wolves : RHP Ricardo Duárez
|
Batting: RHB Carlos Sánchez
|
0-0: Called Strike 0-1: SINGLE (Line Drive, 8LS)
|
Batting: RHB Stuart Mitchell
|
0-0: Ball 1-0: Swinging Strike 1-1: Foul Ball, location: 2F 1-2: Strikes out swinging
|
Batting: RHB George Lutz
|
0-0: Ball 1-0: Ball 2-0: Called Strike 2-1: SINGLE (Groundball, 56) Carlos Sánchez to second
|
Batting: RHB Carson Allen
|
0-0: Ball 1-0: Foul Ball, location: 2F 1-1: Ball 2-1: SINGLE (Line Drive, 78M) Carlos Sánchez to third George Lutz to second Runner from 3rd tries for Home, throw and OUT!
|
Batting: LHB Jim Hall
|
0-0: SINGLE (Flyball, 9S) George Lutz to third Carson Allen to second Runner from 3rd tries for Home, SAFE, no throw or cutoff
|
Batting: RHB Chris Seals
|
0-0: Called Strike 0-1: Ball 1-1: SINGLE (Line Drive, 6M) Carson Allen to third Jim Hall to second Runner from 3rd tries for Home, SAFE, no throw or cutoff
|
Batting: RHB Brian Bailey
|
0-0: Foul Ball, location: 2F 0-1: Called Strike 0-2: Ball 1-2: Strikes out looking
|
Top of the 2nd over - 2 run(s), 5 hit(s), 0 error(s), 2 left on base; Bishop Verot HS 2 - Madawaska Valley HS 0 |
BOTTOM OF THE 2ND |
Madawaska Valley HS Wolves batting - Pitching for Bishop Verot HS : RHP Chris Hamilton
|
Batting: RHB Enrique Navarro
|
0-0: Called Strike 0-1: Ball 1-1: Called Strike 1-2: SOLO HOME RUN (Flyball, 7D), Distance : 394 ft
|
Batting: RHB Leo Snyder
|
0-0: Called Strike 0-1: Ball 1-1: Swinging Strike 1-2: Strikes out swinging
|
Batting: RHB David Simmons
|
0-0: Ball 1-0: Ball 2-0: Ground out 5-3 (Groundball, 56S)
|
Batting: RHB Weldon Lott
|
0-0: Ball 1-0: Ball 2-0: Ball 3-0: Base on Balls
|
Batting: LHB Bob Campbell
|
0-0: Called Strike 0-1: Foul Ball, location: 2F 0-2: Ground out 4-3 (Groundball, 4)
|
Bottom of the 2nd over - 1 run(s), 1 hit(s), 0 error(s), 1 left on base; Bishop Verot HS 2 - Madawaska Valley HS 1 |
TOP OF THE 3RD |
Bishop Verot HS batting - Pitching for Madawaska Valley HS Wolves : RHP Ricardo Duárez
|
Batting: RHB Bob Fitzgerald
|
0-0: Ball 1-0: SINGLE (Groundball, 3D)
|
Batting: LHB Pedro Padilla
|
0-0: Swinging Strike 0-1: Ball 1-1: Ball 2-1: Fly out, F4 (Popup, 34D)
|
Batting: RHB Carlos Sánchez
|
0-0: Ball 1-0: Ball 2-0: Called Strike 2-1: Swinging Strike 2-2: Ball 3-2: Base on Balls Bob Fitzgerald to second
|
Batting: RHB Stuart Mitchell
|
0-0: Swinging Strike 0-1: Ball 1-1: Called Strike 1-2: Ball 2-2: Foul Ball, location: 2F 2-2: Fly out, F3 (Popup, 3S)
|
Batting: RHB George Lutz
|
0-0: Swinging Strike 0-1: Ball 1-1: SINGLE (Groundball, 34) Bob Fitzgerald to third Carlos Sánchez to second Runner from 3rd tries for Home, SAFE, throw made home Carlos Sánchez to third George Lutz to second
|
Batting: RHB Carson Allen
|
0-0: Ball 1-0: Ball 2-0: Called Strike 2-1: Fly out, F9 (Flyball, 9M)
|
Top of the 3rd over - 1 run(s), 2 hit(s), 0 error(s), 2 left on base; Bishop Verot HS 3 - Madawaska Valley HS 1 |
BOTTOM OF THE 3RD |
Madawaska Valley HS Wolves batting - Pitching for Bishop Verot HS : RHP Chris Hamilton
|
Batting: RHB Adam Carpenter
|
0-0: Ball 1-0: SINGLE (Groundball, 4M)
|
Batting: SHB Artie Adams
|
0-0: Ball 1-0: Fielders Choice at 2nd, 6-4 (Groundball, 6M)
|
Batting: SHB Steve Miner
|
0-0: Ball 1-0: Called Strike 1-1: Swinging Strike 1-2: Strikes out swinging
|
Batting: LHB Marv Gardner
|
0-0: Ball 1-0: Ball 2-0: Ball 3-0: Base on Balls Artie Adams to second
|
Batting: RHB Enrique Navarro
|
0-0: Called Strike 0-1: Called Strike 0-2: Ball 1-2: Ball 2-2: Foul Ball, location: 2F 2-2: Ball 3-2: Base on Balls Artie Adams to third Marv Gardner to second
|
Batting: RHB Leo Snyder
|
0-0: SINGLE (Groundball, 5D) Artie Adams scores Marv Gardner to third Enrique Navarro to second Runner from 3rd tries for Home, SAFE, no throw or cutoff
|
Batting: RHB David Simmons
|
0-0: Called Strike 0-1: Foul Ball, location: 2F 0-2: Ball 1-2: Ball 2-2: Fielders Choice at 2nd, U6 (Groundball, 6M)
|
Bottom of the 3rd over - 2 run(s), 2 hit(s), 0 error(s), 2 left on base; Bishop Verot HS 3 - Madawaska Valley HS 3 |
TOP OF THE 4TH |
Bishop Verot HS batting - Pitching for Madawaska Valley HS Wolves : RHP Ricardo Duárez
|
Batting: LHB Jim Hall
|
0-0: Swinging Strike 0-1: SINGLE (Line Drive, 34D)
|
Batting: RHB Chris Seals
|
0-0: Ball 1-0: Swinging Strike 1-1: Ball 2-1: Ball 3-1: Base on Balls Jim Hall to second
|
Batting: RHB Brian Bailey
|
0-0: Called Strike 0-1: Foul Ball, location: 2F 0-2: Ball 1-2: Strikes out looking
|
Batting: RHB Bob Fitzgerald
|
0-0: Called Strike 0-1: Ball 1-1: Foul Ball, location: 2F 1-2: Foul Ball, location: 2F 1-2: Ball 2-2: SINGLE (Line Drive, 89S) Jim Hall to third Chris Seals to second
|
Pitching: RHP Peyton Lill
|
|
Batting: LHB Pedro Padilla
|
0-0: Ball 1-0: Ground out 4-3 (Groundball, 4M) Jim Hall scores Chris Seals to third Bob Fitzgerald to second
|
Batting: RHB Carlos Sánchez
|
0-0: Ball 1-0: Ball 2-0: Foul Ball, location: 2F 2-1: Ball 3-1: Called Strike 3-2: Foul Ball, location: 2F 3-2: Base on Balls
|
Batting: RHB Stuart Mitchell
|
0-0: Ball 1-0: Ball 2-0: Ball 3-0: Base on Balls Chris Seals scores Bob Fitzgerald to third Carlos Sánchez to second
|
Batting: RHB George Lutz
|
0-0: Ground out 4-3 (Groundball, 4)
|
Top of the 4th over - 2 run(s), 2 hit(s), 0 error(s), 3 left on base; Bishop Verot HS 5 - Madawaska Valley HS 3 |
BOTTOM OF THE 4TH |
Madawaska Valley HS Wolves batting - Pitching for Bishop Verot HS : RHP Chris Hamilton
|
Batting: RHB Weldon Lott
|
0-0: Fly out, F8 (Flyball, 8LS)
|
Batting: LHB Bob Campbell
|
0-0: Called Strike 0-1: SINGLE (Flyball, 8RS)
|
Batting: RHB Adam Carpenter
|
0-0: Called Strike 0-1: Ground out 5-3 (Groundball, 15S) Bob Campbell to second
|
Batting: SHB Artie Adams
|
0-0: Foul Ball, location: 2F 0-1: Ball 1-1: Fly out, F9 (Flyball, 89M)
|
Bottom of the 4th over - 0 run(s), 1 hit(s), 0 error(s), 1 left on base; Bishop Verot HS 5 - Madawaska Valley HS 3 |
TOP OF THE 5TH |
Bishop Verot HS batting - Pitching for Madawaska Valley HS Wolves : RHP Peyton Lill
|
Batting: RHB Carson Allen
|
0-0: Ball 1-0: Ball 2-0: Called Strike 2-1: Ball 3-1: Swinging Strike 3-2: Foul Ball, location: 2F 3-2: Foul Ball, location: 2F 3-2: Base on Balls
|
Batting: LHB Jim Hall
|
0-0: Ball 1-0: Swinging Strike 1-1: Fly out, F8 (Line Drive, 8RM)
|
Batting: RHB Chris Seals
|
0-0: Fielders Choice at 2nd, 6-4 (Groundball, 56)
|
Batting: RHB Brian Bailey
|
0-0: Ball 1-0: Foul Ball, location: 2F 1-1: Swinging Strike 1-2: Ball 2-2: Ball 3-2: Base on Balls Chris Seals to second
|
Batting: RHB Bob Fitzgerald
|
0-0: SINGLE (Groundball, 6MD) Chris Seals to third Brian Bailey to second Runner from 3rd tries for Home, SAFE, no throw or cutoff
|
Batting: LHB Pedro Padilla
|
0-0: Ball 1-0: Ball 2-0: Swinging Strike 2-1: Ball 3-1: Foul Ball, location: 2F 3-2: Ground out U3 (Groundball, 3)
|
Top of the 5th over - 1 run(s), 1 hit(s), 0 error(s), 2 left on base; Bishop Verot HS 6 - Madawaska Valley HS 3 |
BOTTOM OF THE 5TH |
Madawaska Valley HS Wolves batting - Pitching for Bishop Verot HS : RHP Chris Hamilton
|
Batting: SHB Steve Miner
|
0-0: Ball 1-0: Foul Ball, location: 2F 1-1: Called Strike 1-2: Foul Ball, location: 2F 1-2: Ground out 3-1 (Groundball, 34)
|
Pitching: LHP Tommy Henderson
|
|
Batting: LHB Marv Gardner
|
0-0: Called Strike 0-1: Foul Ball, location: 2F 0-2: Ball 1-2: Foul Ball, location: 2F 1-2: Ball 2-2: Strikes out looking
|
Batting: RHB Enrique Navarro
|
0-0: Ball 1-0: Foul Ball, location: 2F 1-1: Foul Ball, location: 2F 1-2: Strikes out swinging
|
Bottom of the 5th over - 0 run(s), 0 hit(s), 0 error(s), 0 left on base; Bishop Verot HS 6 - Madawaska Valley HS 3 |
TOP OF THE 6TH |
Bishop Verot HS batting - Pitching for Madawaska Valley HS Wolves : RHP Peyton Lill
|
Batting: RHB Carlos Sánchez
|
0-0: Called Strike 0-1: Foul Ball, location: 2F 0-2: Ball 1-2: Ball 2-2: Ball 3-2: Strikes out swinging
|
Batting: RHB Stuart Mitchell
|
0-0: Ball 1-0: Fly out, F7 (Flyball, 7M)
|
Batting: RHB George Lutz
|
0-0: Called Strike 0-1: Ball 1-1: Ball 2-1: SINGLE (Flyball, 6MD)
|
Pitching: LHP Arthur Warren
|
|
Batting: RHB Carson Allen
|
0-0: Swinging Strike 0-1: Ball 1-1: Ball 2-1: Ball 3-1: Called Strike 3-2: Base on Balls George Lutz to second
|
Batting: LHB Jim Hall
|
0-0: Swinging Strike 0-1: Swinging Strike 0-2: Ball 1-2: Foul Ball, location: 2F 1-2: Strikes out swinging
|
Top of the 6th over - 0 run(s), 1 hit(s), 0 error(s), 2 left on base; Bishop Verot HS 6 - Madawaska Valley HS 3 |
BOTTOM OF THE 6TH |
Madawaska Valley HS Wolves batting - Pitching for Bishop Verot HS : LHP Tommy Henderson
|
Batting: RHB Leo Snyder
|
0-0: Swinging Strike 0-1: Foul Ball, location: 2F 0-2: Ball 1-2: Ball 2-2: Fly out, F4 (Popup, 4M)
|
Batting: RHB David Simmons
|
0-0: Reached on error, E4 (Groundball, 34)
|
Batting: RHB Weldon Lott
|
0-0: Called Strike 0-1: Swinging Strike 0-2: Ball 1-2: Strikes out swinging
|
Batting: LHB Bob Campbell
|
0-0: Foul Ball, location: 2F 0-1: Foul Ball, location: 2F 0-2: Ball 1-2: Foul Ball, location: 2F 1-2: SINGLE (Groundball, 6M) David Simmons to second
|
Batting: RHB Adam Carpenter
|
0-0: Swinging Strike 0-1: Ball 1-1: Foul Ball, location: 2F 1-2: Ground out U3 (Groundball, 3S)
|
Bottom of the 6th over - 0 run(s), 1 hit(s), 1 error(s), 2 left on base; Bishop Verot HS 6 - Madawaska Valley HS 3 |
TOP OF THE 7TH |
Bishop Verot HS batting - Pitching for Madawaska Valley HS Wolves : LHP Arthur Warren
|
Batting: RHB Chris Seals
|
0-0: Swinging Strike 0-1: Ball 1-1: Ball 2-1: Ball 3-1: Base on Balls
|
Batting: RHB Brian Bailey
|
0-0: Foul Ball, location: 2F 0-1: Called Strike 0-2: Ball 1-2: Strikes out swinging
|
Batting: RHB Bob Fitzgerald
|
0-0: Called Strike 0-1: Fly out, F3 (Popup, 3F)
|
Batting: LHB Pedro Padilla
|
0-0: Foul Ball, location: 2F 0-1: Ball 1-1: Foul Ball, location: 2F 1-2: Strikes out swinging
|
Top of the 7th over - 0 run(s), 0 hit(s), 0 error(s), 1 left on base; Bishop Verot HS 6 - Madawaska Valley HS 3 |
BOTTOM OF THE 7TH |
Madawaska Valley HS Wolves batting - Pitching for Bishop Verot HS : LHP Tommy Henderson
|
Batting: SHB Artie Adams
|
0-0: Called Strike 0-1: Called Strike 0-2: Ball 1-2: Foul Ball, location: 2F 1-2: Ball 2-2: Ball 3-2: Foul Ball, location: 2F 3-2: Foul Ball, location: 2F 3-2: Foul Ball, location: 2F 3-2: Fly out, F9 (Flyball, 9M)
|
Pitching: LHP Tony Molina
|
|
Batting: SHB Steve Miner
|
0-0: Called Strike 0-1: Ground out 4-3 (Groundball, 4)
|
Batting: LHB Marv Gardner
|
0-0: Called Strike 0-1: Foul Ball, location: 2F 0-2: Foul Ball, location: 2F 0-2: Foul Ball, location: 2F 0-2: Fly out, F4 (Popup, 4M)
|
Bottom of the 7th over - 0 run(s), 0 hit(s), 0 error(s), 0 left on base; Bishop Verot HS 6 - Madawaska Valley HS 3 |
TOP OF THE 8TH |
Bishop Verot HS batting - Pitching for Madawaska Valley HS Wolves : LHP Arthur Warren
|
Batting: RHB Carlos Sánchez
|
0-0: Ball 1-0: Ball 2-0: SINGLE (Flyball, 89M)
|
Batting: RHB Stuart Mitchell
|
0-0: Ball 1-0: SINGLE (Groundball, 4MD) Carlos Sánchez to second Runner from 2nd tries for 3rd, SAFE, no throw or cutoff
|
Batting: RHB George Lutz
|
0-0: DOUBLE (Groundball, 5L) Carlos Sánchez scores Stuart Mitchell to third
|
Batting: RHB Carson Allen
|
0-0: Called Strike 0-1: Ball 1-1: SINGLE (Groundball, 56) Stuart Mitchell scores George Lutz to third
|
Pitching: RHP Mark Bailey
|
|
Batting: LHB Jim Hall
|
0-0: Reached on error, E1 (Groundball, 13) George Lutz scores Carson Allen to second
|
Batting: RHB Chris Seals
|
0-0: DOUBLE (Line Drive, 9LS) Carson Allen scores Jim Hall to third Runner from 3rd tries for Home, SAFE, no throw or cutoff
|
Batting: RHB Brian Bailey
|
0-0: Ball 1-0: Ball 2-0: Ball 3-0: Base on Balls
|
Batting: RHB Bob Fitzgerald
|
0-0: Called Strike 0-1: Foul Ball, location: 2F 0-2: Foul Ball, location: 2F 0-2: Ball 1-2: Ball 2-2: Foul Ball, location: 2F 2-2: Ball 3-2: Ground out 5-3 (Groundball, 56S) Chris Seals to third Brian Bailey to second
|
Batting: LHB Pedro Padilla
|
0-0: Called Strike 0-1: Foul Ball, location: 2F 0-2: Strikes out swinging
|
Batting: RHB Carlos Sánchez
|
0-0: Foul Ball, location: 2F 0-1: Called Strike 0-2: SINGLE (Groundball, 34D) (infield hit) Chris Seals scores Brian Bailey to third
|
Batting: RHB Stuart Mitchell
|
0-0: Ball 1-0: Called Strike 1-1: Called Strike 1-2: SINGLE (Line Drive, 8RS) Brian Bailey scores Carlos Sánchez to second Runner from 2nd tries for 3rd, SAFE, no throw or cutoff
|
Batting: RHB George Lutz
|
0-0: Swinging Strike 0-1: Ball 1-1: Ball Wild Pitch! Carlos Sánchez scores Stuart Mitchell to second 2-1: Ball 3-1: Foul Ball, location: 2F 3-2: Base on Balls
|
Batting: RHB Carson Allen
|
0-0: Called Strike 0-1: Ground out 4-3 (Groundball, 4)
|
Top of the 8th over - 8 run(s), 7 hit(s), 1 error(s), 2 left on base; Bishop Verot HS 14 - Madawaska Valley HS 3 |
BOTTOM OF THE 8TH |
Madawaska Valley HS Wolves batting - Pitching for Bishop Verot HS : LHP Tony Molina
|
Batting: RHB Enrique Navarro
|
0-0: Ball 1-0: Swinging Strike 1-1: Swinging Strike 1-2: Foul Ball, location: 2F 1-2: Ground out U3 (Groundball, 3)
|
Batting: RHB Leo Snyder
|
0-0: Called Strike 0-1: Swinging Strike 0-2: Ball 1-2: Ball 2-2: Fly out, F6 (Popup, 5D)
|
Batting: RHB David Simmons
|
0-0: Ball 1-0: Fly out, F8 (Flyball, 78M)
|
Bottom of the 8th over - 0 run(s), 0 hit(s), 0 error(s), 0 left on base; Bishop Verot HS 14 - Madawaska Valley HS 3 |
TOP OF THE 9TH |
Bishop Verot HS batting - Pitching for Madawaska Valley HS Wolves : RHP Mark Bailey
|
Pitching: LHP Ken Pinnell
|
|
Batting: LHB Jim Hall
|
0-0: Ground out U3 (Groundball, 3S)
|
Batting: RHB Chris Seals
|
0-0: Ball 1-0: Ball 2-0: Fly out, F7 (Flyball, 78M)
|
Batting: RHB Brian Bailey
|
0-0: Ball 1-0: Fly out, F6 (Popup, 15)
|
Top of the 9th over - 0 run(s), 0 hit(s), 0 error(s), 0 left on base; Bishop Verot HS 14 - Madawaska Valley HS 3 |
BOTTOM OF THE 9TH |
Madawaska Valley HS Wolves batting - Pitching for Bishop Verot HS : LHP Tony Molina
|
Batting: RHB Weldon Lott
|
0-0: Ball 1-0: Ball 2-0: Ball 3-0: Base on Balls
|
Batting: LHB Bob Campbell
|
0-0: Ball 1-0: SINGLE (Line Drive, 56) Weldon Lott to second
|
Batting: RHB Adam Carpenter
|
0-0: Ball 1-0: Foul Ball, location: 2F 1-1: Ball 2-1: Ball 3-1: Swinging Strike 3-2: Strikes out looking
|
Pitching: RHP Jacob Wallace
|
|
Batting: SHB Artie Adams
|
0-0: Ball 1-0: Ball 2-0: Ball 3-0: Called Strike 3-1: Base on Balls Weldon Lott to third Bob Campbell to second
|
Batting: SHB Steve Miner
|
0-0: SINGLE (Groundball, 56D) Weldon Lott scores Bob Campbell to third Artie Adams to second Runner from 3rd tries for Home, SAFE, no throw or cutoff
|
Batting: LHB Marv Gardner
|
0-0: Ground out 3-1 (Groundball, 34) Artie Adams to third Steve Miner to second
|
Batting: RHB Enrique Navarro
|
0-0: Ball 1-0: Called Strike 1-1: Fly out, F5 (Popup, 5SF)
|
Bottom of the 9th over - 2 run(s), 2 hit(s), 0 error(s), 2 left on base; Bishop Verot HS 14 - Madawaska Valley HS 5 |
|